Map: Ancient Cistern LE

Players

A.I. 2 (Very Easy) - Winner!

  • Race: Terran Terran
  • Spawn Location: 1:00

Koda

  • Race: Terran Terran
  • League: Grandmaster
  • Spawn Location: 7:00

VOD

Have the link to the VOD?

Description

Time

  • Played on: Aug. 2, 2023, 8:11 p.m.
  • Length: 8:45
Show
View Real Time Build Order
Export as new Build Order

A.I. 2 (Very Easy) Terran - Winner!

Build Orders: Reaper Expand 

Get SALT Encoding   

  12  0:00  SCV  
  13  0:13  SCV  
  14  0:18  Supply Depot  
  14  0:42  Barracks  
  14  1:03  Command Center  
  14  1:29  Marine  
  14  1:31  Orbital Command, Supply Depot  
  15  1:37  Refinery  
  15  1:48  Refinery  
  15  1:56  SCV  
  16  2:08  SCV  
  16  2:15  SCV  
  18  2:17  Reaper  
  18  2:22  SCV  
  20  2:29  SCV  
  21  2:37  SCV  
  22  2:38  Refinery  
  22  2:44  SCV  
  23  2:51  SCV  
  24  2:58  SCV  
  25  3:01  Marine  
  27  3:05  SCV  
  28  3:12  SCV  
  28  3:14  Factory  
  28  3:36  Refinery  
  28  3:38  SCV  
  29  3:45  Marine, SCV  
  31  3:53  SCV  
  32  3:56  Supply Depot  
  32  4:00  SCV  
  32  4:01  Starport  
  33  4:07  SCV  
  34  4:14  Hellion  
  34  4:15  SCV  
  34  4:23  SCV  
  31  4:30  SCV  
  24  4:37  SCV  
  18  4:43  Hellion  
  18  4:44  SCV  
  18  4:45  Starport Tech Lab  
  18  4:51  SCV  
  15  4:59  SCV  
  16  5:06  Raven, SCV  
  19  5:11  Marine  
  19  5:13  SCV  
  21  5:20  SCV  
  22  5:28  SCV  
  23  5:35  SCV  
  24  5:41  Raven  
  24  5:42  SCV  
  27  5:49  SCV  
  27  5:56  Marine  
  27  5:57  SCV  
  28  6:04  SCV  
  25  6:11  SCV  
  17  6:18  SCV  
  18  6:24  Viking  
  21  6:32  SCV  
  21  6:44  SCV  
  21  6:53  Hellion  
  23  6:57  SCV  
  22  7:09  SCV  
  22  7:13  Supply Depot  
  19  7:21  SCV  
  19  7:22  Viking  
Show
View Real Time Build Order
Export as new Build Order

Koda Terran 

Build Orders: 1/1/1 

Get SALT Encoding   

  12  0:00  SCV  
  13  0:12  SCV  
  14  0:18  Supply Depot  
  14  0:24  SCV  
  15  0:29  Refinery  
  15  0:39  SCV  
  16  0:44  Barracks  
  16  0:51  SCV  
  16  0:55  Refinery  
  17  1:03  SCV  
  18  1:16  SCV  
  19  1:31  Barracks Reactor  
  20  1:33  Orbital Command  
  20  1:39  Factory  
  19  1:47  Supply Depot  
  19  1:58  SCV  
  20  2:07  Reaper x2  
  22  2:10  SCV  
  23  2:21  Supply Depot  
  23  2:23  Starport  
  23  2:26  Hellion  
  23  2:29  SCV  
  26  2:39  Reaper  
  26  2:40  Reaper  
  26  2:41  SCV  
  29  2:48  Hellion  
  31  2:59  Medivac  
  33  3:10  Hellion  
  33  3:12  Reaper x2  
  37  3:24  Command Center  
  37  3:29  Supply Depot  
  37  3:32  Starport Reactor, Factory Tech Lab  
  37  3:37  SCV  
  38  3:47  Marine  
  39  3:51  Marine  
  39  3:53  Siege Tank  
  43  3:56  SCV  
  43  4:00  Supply Depot  
  44  4:15  Viking  
  46  4:19  Marine  
  46  4:21  Marine, Viking  
  50  4:25  SCV  
  51  4:37  Siege Tank  
  54  4:40  SCV  
  54  4:43  Refinery  
  56  4:55  Viking  
  56  4:59  Marine x2  
  58  5:02  Viking  
  61  5:18  Marine x2, SCV  
  61  5:20  Siege Tank  
  68  5:29  Viking  
  68  5:34  SCV, Supply Depot  
  68  5:35  Orbital Command  
  70  5:56  Marine x2, SCV, Viking  
  75  6:00  Siege Tank  
  78  6:19  Marine x2, SCV, Viking  
  83  6:27  SCV  
  83  6:28  Viking  
  83  6:29  Supply Depot  
  86  6:50  Marine x2, Siege Tank  
  86  6:51  Supply Depot  
  86  6:53  SCV x2  
  93  6:56  Supply Depot  
  93  7:05  SCV  
  94  7:13  SCV, Supply Depot, Viking x2  
  97  7:19  Marine x2  
Tags
 
Add a new tag
Caveats
  • Supply blocks, unpowered buildings, or Contaminate may cause inaccurate times.
  • Supply counts are checked every 10 seconds.